 Dungeon Crawl Stone Soup version 0.31-a0-210-gccc998df9b (webtiles) character file.

Game seed: 10158179357870307651

10830 qw the Cleaver (level 11, -1/71 HPs)
             Began as a Gargoyle Fighter on June 30, 2023.
             Was a Priest of Okawaru.
             Slain by an eight-headed hydra (4 damage)
             ... on level 2 of the Lair of Beasts.
             The game lasted 00:03:57 (8495 turns).

qw the Cleaver (Gargoyle Fighter)                   Turns: 8495, Time: 00:03:58

Health: -1/71      AC: 34    Str: 24    XL:     11   Next: 68%
Magic:  12/14      EV: 14    Int:  9    God:    Okawaru [***...]
Gold:   199        SH:  6    Dex:  9    Spells: 10/10 levels left

rFire   . . .        i - +0 flail
rCold   . . .        c - +0 buckler
rNeg    + + .        v - +0 plate armour
rPois   inf          r - +2 helmet
rElec   +            y - +1 cloak
rCorr   .            o - +2 pair of gloves
SInv    .            (no boots)
Will    .....        (no amulet) Stlth
                     j - ring of positive energy
HPRegen 0.31/turn    l - +5 ring of evasion
MPRegen 0.14/turn

%: no passive effects
@: about to teleport, heroic
A: sickness immunity, AC +8, negative energy resistance 1, electricity
resistance, torment resistance 1, petrification resistance
a: Renounce Religion, Heroism


You were on level 2 of the Lair of Beasts.
You worshipped Okawaru.
Okawaru was most pleased with you.
You visited 3 branches of the dungeon, and saw 11 of its levels.

You collected 409 gold pieces.
You spent 210 gold pieces at shops.


Innate Abilities, Weirdness & Mutations

You are immune to sickness and miasma.
Your stone body is resilient. (AC +8)
You are immune to poison.
You resist negative energy. (rN+)
You are resistant to electric shocks. (rElec)
You are resistant to unholy torment.
You are immune to petrification.


   Skills:
 - Level 9.0(14.0) Fighting
 - Level 12.1(17.1) Axes
 - Level 1.2(6.2) Throwing
 - Level 9.0(14.0) Armour
 + Level 1.3(6.3) Dodging
 - Level 6.2(11.2) Shields
 - Level 4.1 Invocations


You had 10 spell levels left.
You didn't know any spells.
Your spell library was empty.

Inventory:

Hand Weapons
 i - a +0 flail (weapon)
 Y - a +4 war axe of venom
Armour
 c - a +0 buckler (worn)
 o - a +2 pair of gloves (worn)
 r - a +2 helmet (worn)
 v - a +0 plate armour (worn)
 y - a +1 cloak (worn)
Jewellery
 b - a ring of ice
 j - a ring of positive energy (left hand)
 l - a +5 ring of evasion (right hand)
Scrolls
 a - 3 scrolls of teleportation
 s - a scroll of identify
Potions
 d - 3 potions of might
 g - 3 potions of lignification
 h - a potion of magic
 n - a potion of attraction
 q - a potion of enlightenment
 u - 3 potions of curing
 x - a potion of haste {unknown}
 z - a potion of ambrosia {unknown}

Dungeon Overview and Level Annotations

Branches:
Dungeon (8/15)             Temple (1/1) D:7            Lair (2/5) D:8
  Swamp: Lair:2-3    Shoals: Lair:2-3     Snake: Lair:2-3    Spider: Lair:2-3

Altars:
Cheibriados
Dithmenos
Elyvilon
Hepliaklqana
Makhleb
Nemelex Xobeh
Okawaru
Qazlal
Ru
Sif Muna
Trog
Uskayaw
Vehumet
Wu Jian
Xom
Yredelemnul
Zin
The Shining One

Shops:
D:1 ?   D:4 =   D:7 [

Annotations:
D:4 2 transporters, qw's ghost, novice DEHu
D:8 2 runed translucent doors, qw's ghost, novice GrFi


Message History

The eight-headed hydra barely misses you.
The blink frog hits you but does no damage.
The cane toad stings you but does no damage.
8493 ||| DRINKING potion of heal wounds.
You feel much better. The water moccasin misses you.
The blink frog hits you but does no damage.
The eight-headed hydra barely misses you.
The eight-headed hydra bites you but does no damage.
You block the eight-headed hydra's attack.
The eight-headed hydra bites you!
The eight-headed hydra barely misses you.
The eight-headed hydra bites you but does no damage.
The eight-headed hydra barely misses you.
The eight-headed hydra bites you but does no damage.
The cane toad barely misses you.
The water moccasin completely misses you.
8494 ||| INVOKING Heroism.
You gain the combat prowess of a mighty hero.
The blink frog completely misses you. The water moccasin closely misses you.
You block the eight-headed hydra's attack.
The eight-headed hydra bites you but does no damage.
You block the eight-headed hydra's attack.
The eight-headed hydra bites you but does no damage.
The eight-headed hydra barely misses you.
You block the eight-headed hydra's attack.
The eight-headed hydra closely misses you.
You block the eight-headed hydra's attack.
The cane toad closely misses you. The blink frog barely misses you.
You barely miss the eight-headed hydra.
The eight-headed hydra is heavily wounded.
The water moccasin closely misses you.
The cane toad stings you but does no damage.
The eight-headed hydra bites you!
The eight-headed hydra bites you but does no damage.
The eight-headed hydra misses you. The eight-headed hydra bites you.
The eight-headed hydra closely misses you.
The eight-headed hydra barely misses you.
The eight-headed hydra bites you.
You die...

##..####.....##
#...##.......######
.#..#..........##.#
.................##
#................#
#................#
.................#
....##...........###.#)#
...............S@.......
...............FDF......
%.......................
..........7.............
........P.~P............
........~P~~.~>.........
.......P~~~~~~P.........
.......7~~~~~...........
........


You could see an eight-headed hydra, a cane toad, a blink frog and a water
moccasin.

Vanquished Creatures
  A two-headed ogre (D:8)
  7 death yaks
  A black mamba (Lair:1)
  A cane toad (Lair:2)
  2 rime drakes
  A komodo dragon (Lair:1)
  5 yaks
  A wyvern (Lair:2)
  Duvessa (D:4)
  4 water moccasins
  An orc warrior (D:7)
  2 black bears (D:6)
  An ogre (D:4)
  12 wolves
  2 phantoms
  8 bullfrogs
  A scorpion (D:4)
  7 wights
  Dowan (D:4)
  9 killer bees (D:8)
  2 howler monkeys (D:7)
  3 hounds
  A gnoll bouda (D:4)
  2 orc priests
  A sleepcap (D:8)
  Jessica (D:3)
  2 iguanas (D:5)
  5 orc wizards
  10 gnolls
  2 adders
  4 white imps
  3 dart slugs
  27 orcs
  7 bats
  7 endoplasms
  3 giant cockroaches
  4 goblins
  8 hobgoblins
  5 kobolds
  3 quokkas
  6 ball pythons
  A frilled lizard (D:2)
175 creatures vanquished.

Notes
Turn   | Place    | Note
-------+----------+-------------------------------------------
     0 | D:1      | qw the Gargoyle Fighter began the quest for the Orb.
     0 | D:1      | Reached XP level 1. HP: 14/14 MP: 1/1
     0 | D:1      | 0 ||| qw: Version: 0.3-a-24-ga2abf7b
     0 | D:1      | 0 ||| qw: Game counter: 7099
     0 | D:1      | 0 ||| qw: Melee chars always use a shield: true
     0 | D:1      | 0 ||| qw: God list: Okawaru
     0 | D:1      | 0 ||| qw: Allow faded altars: false
     0 | D:1      | 0 ||| qw: Do Orc after clearing Dungeon:15 true
     0 | D:1      | 0 ||| qw: Do second Lair branch before Depths: true
     0 | D:1      | 0 ||| qw: Lair rune preference: random
     0 | D:1      | 0 ||| qw: Goals: Normal, Zot:1-4, Slime:5, God:TSO, Crypt,
                  | Tomb, Abyss, Pan, Hells, Win
     0 | D:1      | 0 ||| PLANNING D:1-11
    71 | D:1      | Reached skill level 2 in Axes
    83 | D:1      | 83 ||| Stepping ~*~*~tactically~*~*~ (hiding).
    85 | D:1      | 85 ||| Stepping ~*~*~tactically~*~*~ (hiding).
    94 | D:1      | Reached XP level 2. HP: 19/19 MP: 2/2
   259 | D:1      | Found Seseu's Magic Scroll Boutique.
   268 | D:1      | 268 ||| SHOPLISTING scroll of brand weapon (123 gold, have
                  | 20).
   268 | D:1      | 268 ||| SHOPLISTING scroll of identify (26 gold, have 20).
   268 | D:1      | 268 ||| SHOPLISTING scroll of teleportation (39 gold, have
                  | 20).
   449 | D:1      | Reached skill level 3 in Axes
   519 | D:1      | Reached XP level 3. HP: 23/23 MP: 3/3
   562 | D:1      | 562 ||| UPGRADING to +0 cloak.
   567 | D:1      | 567 ||| READING 2 scrolls labelled EJIANTOUFU.
   571 | D:1      | 571 ||| DRINKING 2 pink potions.
   918 | D:2      | 918 ||| Stepping ~*~*~tactically~*~*~ (hiding).
  1553 | D:2      | 1553 ||| DROPPING scarf of shadows.
  1554 | D:2      | 1554 ||| UPGRADING to +1 pair of gloves of infusion.
  1559 | D:2      | 1559 ||| UPGRADING to ring of positive energy.
  1560 | D:2      | 1560 ||| UPGRADING to +5 ring of evasion.
  1561 | D:2      | 1561 ||| READING scroll labelled ZEZIAZOSSU.
  1562 | D:2      | 1562 ||| READING scroll labelled UMIERPHOP NYCOA.
  1563 | D:2      | 1563 ||| DRINKING 2 fuming ruby potions.
  1812 | D:3      | Noticed Jessica
  1813 | D:3      | 1813 ||| Stepping ~*~*~tactically~*~*~ (hiding).
  1814 | D:3      | 1814 ||| Stepping ~*~*~tactically~*~*~ (hiding).
  1815 | D:3      | 1815 ||| Stepping ~*~*~tactically~*~*~ (hiding).
  1818 | D:3      | 1818 ||| Stepping ~*~*~tactically~*~*~ (hiding).
  1829 | D:3      | Killed Jessica
  1830 | D:3      | Reached skill level 4 in Axes
  1830 | D:3      | Reached XP level 4. HP: 26/28 MP: 1/4
  2035 | D:3      | Found a sparkling altar of Nemelex Xobeh.
  2391 | D:3      | 2391 ||| DROPPING scarf of invisibility.
  2392 | D:3      | 2392 ||| READING scroll labelled ZOREAF HATHO.
  2509 | D:4      | Found a hide-covered altar of Uskayaw.
  2510 | D:4      | Noticed a +0 dagger
  2510 | D:4      | Noticed a +0 hand axe
  2513 | D:4      | 2513 ||| Stepping ~*~*~tactically~*~*~ (hiding).
  2525 | D:4      | Reached XP level 5. HP: 21/32 MP: 1/5
  2565 | D:4      | 2565 ||| Stepping ~*~*~tactically~*~*~ (stealth).
  2577 | D:4      | Reached skill level 5 in Axes
  2677 | D:4      | Found Fuibotel's Jewellery Emporium.
  2738 | D:4      | 2738 ||| SHOPLISTING +4 ring of protection (360 gold, have
                  | 161).
  2738 | D:4      | 2738 ||| SHOPLISTING +6 ring of strength (360 gold, have
                  | 161).
  2738 | D:4      | 2738 ||| SHOPLISTING amulet of reflection (300 gold, have
                  | 161).
  2738 | D:4      | 2738 ||| SHOPLISTING ring of protection from cold (250
                  | gold, have 161).
  2806 | D:4      | Found a basalt altar of Yredelemnul.
  2806 | D:4      | Found a sacrificial altar of Ru.
  2837 | D:4      | Reached XP level 6. HP: 39/39 MP: 3/6
  2908 | D:4      | Reached skill level 1 in Dodging
  2989 | D:4      | Found a transporter.
  2989 | D:4      | Noticed qw's ghost (novice DEHu)
  3025 | D:4      | Found a transporter.
  3037 | D:4      | Noticed Duvessa
  3038 | D:4      | Noticed Dowan
  3051 | D:4      | HP: 7/39 [Duvessa/puff of flame (5)]
  3052 | D:4      | 3052 ||| READING 3 scrolls of teleportation.
  3053 | D:4      | 3053 ||| DRINKING 3 potions of heal wounds.
  3065 | D:4      | HP: 8/39 [scorpion (3)]
  3066 | D:4      | 3066 ||| READING 2 scrolls of teleportation.
  3067 | D:4      | 3067 ||| DRINKING 2 potions of heal wounds.
  3071 | D:4      | Killed Duvessa
  3072 | D:4      | Reached skill level 6 in Axes
  3072 | D:4      | Reached XP level 7. HP: 24/44 MP: 0/7
  3085 | D:4      | Killed Dowan
  3326 | D:4      | 3326 ||| Stepping ~*~*~tactically~*~*~ (stealth).
  3344 | D:4      | Reached skill level 7 in Axes
  3496 | D:4      | 3496 ||| UPGRADING to +2 pair of gloves.
  3506 | D:4      | 3506 ||| DROPPING +1 pair of gloves of infusion.
  3507 | D:4      | 3507 ||| READING scroll labelled APPULE MOOTEF.
  3508 | D:4      | 3508 ||| READING scroll labelled MIKAKA VIQEMAO.
  3511 | D:5      | Entered Level 5 of the Dungeon
  3552 | D:5      | 3552 ||| Stepping ~*~*~tactically~*~*~ (hiding).
  3570 | D:5      | 3570 ||| Stepping ~*~*~tactically~*~*~ (hiding).
  3571 | D:5      | 3571 ||| Stepping ~*~*~tactically~*~*~ (hiding).
  3587 | D:5      | 3587 ||| Stepping ~*~*~tactically~*~*~ (stealth).
  3919 | D:5      | 3919 ||| Stepping ~*~*~tactically~*~*~ (hiding).
  3920 | D:5      | 3920 ||| Stepping ~*~*~tactically~*~*~ (hiding).
  3921 | D:5      | 3921 ||| Stepping ~*~*~tactically~*~*~ (hiding).
  3922 | D:5      | 3922 ||| Stepping ~*~*~tactically~*~*~ (hiding).
  3944 | D:5      | Reached XP level 8. HP: 49/49 MP: 8/8
  4044 | D:5      | 4044 ||| Stepping ~*~*~tactically~*~*~ (stealth).
  4048 | D:5      | 4048 ||| Stepping ~*~*~tactically~*~*~ (stealth).
  4523 | D:5      | 4523 ||| UPGRADING to +0 chain mail.
  4533 | D:5      | 4533 ||| DROPPING +0 scale mail.
  4534 | D:5      | 4534 ||| DRINKING 3 bubbling emerald potions.
  4535 | D:5      | 4535 ||| READING 2 scrolls of identify.
  4535 | D:5      | 4535 ||| IDENTIFYING glowing white potion
  4681 | D:6      | 4681 ||| READING scroll labelled NUCWIH EHORO.
  4682 | D:6      | 4682 ||| READING scroll labelled ORUFOPPEOPU.
  4683 | D:6      | 4683 ||| DRINKING 2 grey potions.
  4712 | D:7      | 4712 ||| READING 2 scrolls of identify.
  4712 | D:7      | 4712 ||| IDENTIFYING puce potion
  4713 | D:7      | 4713 ||| DROPPING potion of degeneration.
  4719 | D:7      | 4719 ||| STAIRDANCE
  4730 | D:6      | Reached skill level 8 in Axes
  4778 | D:6      | 4778 ||| Stepping ~*~*~tactically~*~*~ (stealth).
  4788 | D:6      | 4788 ||| DRINKING 2 potions of curing.
  4788 | D:6      | 4788 ||| (to cure confusion)
  4880 | D:6      | 4880 ||| READING scroll labelled GENOQOA DUED.
  4880 | D:6      | Identified a scroll of acquirement
  4880 | D:6      | 4880 ||| ACQUIRING +3 war axe of venom
  4880 | D:6      | Acquired a +3 war axe of venom
  4882 | D:6      | 4882 ||| SWAPPING to +3 war axe of venom.
  4883 | D:6      | 4883 ||| DROPPING +0 war axe.
  4916 | D:7      | Reached skill level 6 in Fighting
  4958 | D:7      | 4958 ||| Stepping ~*~*~tactically~*~*~ (stealth).
  4959 | D:7      | 4959 ||| Stepping ~*~*~tactically~*~*~ (stealth).
  4961 | D:7      | 4961 ||| Stepping ~*~*~tactically~*~*~ (hiding).
  4981 | D:7      | Found a staircase to the Ecumenical Temple.
  4982 | D:7      | 4982 ||| PLANNING TEMPLE
  4982 | D:7      | 4982 ||| DRINKING 2 bubbling brown potions.
  5087 | D:7      | 5087 ||| DROPPING potion of berserk rage.
  5104 | Temple   | Entered the Ecumenical Temple
  5152 | Temple   | 5152 ||| PLANNING OKAWARU WORSHIP
  5228 | Temple   | Became a worshipper of Warmaster Okawaru
  5229 | Temple   | 5229 ||| PLANNING D:1-11
  5333 | D:7      | 5333 ||| Stepping ~*~*~tactically~*~*~ (hiding).
  5345 | D:7      | 5345 ||| DRINKING potion of curing.
  5345 | D:7      | 5345 ||| (to cure confusion)
  5410 | D:7      | Found Ageoreas's Antique Armour Emporium.
  5417 | D:7      | 5417 ||| BUYING shiny helmet (210 gold).
  5417 | D:7      | Bought a shiny helmet for 210 gold pieces
  5417 | D:7      | 5417 ||| SHOPLISTING shiny plate armour (728 gold, have
                  | 79).
  5417 | D:7      | 5417 ||| SHOPLISTING spiked chain mail (266 gold, have 79).
  5455 | D:7      | 5455 ||| Stepping ~*~*~tactically~*~*~ (stealth).
  5461 | D:7      | Reached XP level 9. HP: 55/55 MP: 9/9
  5470 | D:7      | Reached skill level 9 in Axes
  5514 | D:7      | 5514 ||| Stepping ~*~*~tactically~*~*~ (hiding).
  5516 | D:7      | 5516 ||| Stepping ~*~*~tactically~*~*~ (hiding).
  5517 | D:7      | 5517 ||| Stepping ~*~*~tactically~*~*~ (hiding).
  5518 | D:7      | 5518 ||| Stepping ~*~*~tactically~*~*~ (hiding).
  5525 | D:7      | 5525 ||| Stepping ~*~*~tactically~*~*~ (stealth).
  5539 | D:7      | Reached skill level 1 in Throwing
  5862 | D:7      | 5862 ||| UPGRADING to +2 helmet.
  5975 | D:8      | Noticed a two-headed ogre
  5986 | D:8      | Killed a two-headed ogre
  5987 | D:8      | Reached skill level 6 in Shields
  5992 | D:8      | Found a large runed translucent door.
  5992 | D:8      | Found a large runed translucent door.
  6053 | D:8      | Noticed qw's ghost (novice GrFi)
  6070 | D:8      | 6070 ||| Stepping ~*~*~tactically~*~*~ (stealth).
  6072 | D:8      | 6072 ||| Stepping ~*~*~tactically~*~*~ (stealth).
  6078 | D:8      | Reached * piety under Okawaru
  6082 | D:8      | Reached skill level 1 in Invocations
  6082 | D:8      | 6082 ||| INVOKING Heroism.
  6242 | D:8      | Noticed a death yak
  6243 | D:8      | 6243 ||| INVOKING Heroism.
  6247 | D:8      | 6247 ||| Stepping ~*~*~tactically~*~*~ (stealth).
  6256 | D:8      | Killed a death yak
  6257 | D:8      | Reached XP level 10. HP: 50/64 MP: 9/13
  6258 | D:8      | 6258 ||| FLEEEEING.
  6264 | D:8      | 6264 ||| FLEEEEING.
  6265 | D:8      | 6265 ||| FLEEEEING.
  6266 | D:8      | 6266 ||| FLEEEEING.
  6267 | D:8      | 6267 ||| FLEEEEING.
  6272 | D:8      | 6272 ||| FLEEEEING.
  6273 | D:8      | 6273 ||| FLEEEEING.
  6274 | D:8      | 6274 ||| FLEEEEING.
  6275 | D:8      | 6275 ||| FLEEEEING.
  6279 | D:8      | 6279 ||| FLEEEEING.
  6280 | D:8      | 6280 ||| FLEEEEING.
  6281 | D:8      | 6281 ||| FLEEEEING.
  6282 | D:8      | 6282 ||| FLEEEEING.
  6283 | D:8      | 6283 ||| FLEEEEING.
  6294 | D:8      | Reached ** piety under Okawaru
  6327 | D:8      | Found a staircase to the Lair.
  6331 | D:8      | Noticed a death yak
  6331 | D:8      | Noticed a death yak
  6332 | D:8      | 6332 ||| Stepping ~*~*~tactically~*~*~ (stealth).
  6333 | D:8      | 6333 ||| INVOKING Heroism.
  6352 | D:8      | Killed a death yak
  6353 | D:8      | Reached skill level 10 in Axes
  6360 | D:8      | Killed a death yak
  6361 | D:8      | Reached skill level 6 in Armour
  6491 | D:8      | 6491 ||| INVOKING Heroism.
  7127 | D:8      | 7127 ||| DROPPING +1 robe of resistance.
  7128 | D:8      | 7128 ||| PLANNING LAIR
  7128 | D:8      | 7128 ||| UPGRADING to +0 plate armour.
  7138 | D:8      | 7138 ||| DROPPING +0 chain mail.
  7139 | D:8      | 7139 ||| DROPPING +2 pair of gloves.
  7140 | D:8      | 7140 ||| DROPPING ring of flight.
  7141 | D:8      | 7141 ||| READING scroll labelled INLUFO CO CAMO.
  7142 | D:8      | 7142 ||| READING scroll labelled LIMEW YB MODEM.
  7143 | D:8      | 7143 ||| DRINKING 2 glowing purple potions.
  7172 | Lair:1   | Entered Level 1 of the Lair of Beasts
  7242 | Lair:1   | 7242 ||| INVOKING Heroism.
  7352 | Lair:1   | 7352 ||| Stepping ~*~*~tactically~*~*~ (stealth).
  7373 | Lair:1   | Noticed a catoblepas
  7374 | Lair:1   | 7374 ||| Stepping ~*~*~tactically~*~*~ (stealth).
  7376 | Lair:1   | 7376 ||| Stepping ~*~*~tactically~*~*~ (stealth).
  7438 | Lair:1   | Noticed a black mamba
  7439 | Lair:1   | 7439 ||| INVOKING Heroism.
  7444 | Lair:1   | Killed a black mamba
  7445 | Lair:1   | Reached skill level 11 in Axes
  7464 | Lair:1   | 7464 ||| INVOKING Heroism.
  7471 | Lair:1   | Reached XP level 11. HP: 68/68 MP: 11/14
  7520 | Lair:1   | Reached *** piety under Okawaru
  7628 | Lair:1   | 7628 ||| Stepping ~*~*~tactically~*~*~ (stealth).
  8038 | Lair:1   | 8038 ||| UPGRADING to +1 cloak.
  8048 | Lair:1   | 8048 ||| DROPPING +0 cloak.
  8049 | Lair:1   | 8049 ||| READING scroll labelled BISCHU WY KUG.
  8050 | Lair:1   | 8050 ||| READING scroll labelled KIDAGIRONT.
  8051 | Lair:1   | 8051 ||| READING scroll labelled MUXZIF IS LEO.
  8052 | Lair:1   | 8052 ||| READING scroll labelled BESATU QAUKA.
  8120 | Lair:2   | 8120 ||| INVOKING Heroism.
  8122 | Lair:2   | Noticed a death yak
  8122 | Lair:2   | Noticed a death yak
  8126 | Lair:2   | Noticed a death yak
  8128 | Lair:2   | Reached skill level 9 in Fighting
  8128 | Lair:2   | Noticed a death yak
  8137 | Lair:2   | Killed a death yak
  8139 | Lair:2   | Killed a death yak
  8141 | Lair:2   | 8141 ||| STAIRDANCE
  8146 | Lair:1   | HP: 15/71 [death yak (11)]
  8147 | Lair:1   | 8147 ||| READING 5 scrolls of teleportation.
  8147 | Lair:1   | HP: 3/71 [death yak (12)]
  8148 | Lair:1   | 8148 ||| DRINKING 2 potions of heal wounds.
  8149 | Lair:1   | 8149 ||| INVOKING Heroism.
  8150 | Lair:1   | Killed a death yak
  8153 | Lair:1   | Killed a death yak
  8154 | Lair:1   | Reached skill level 12 in Axes
  8311 | Lair:2   | 8311 ||| INVOKING Heroism.
  8313 | Lair:2   | Reached **** piety under Okawaru
  8335 | Lair:2   | 8335 ||| INVOKING Heroism.
  8476 | Lair:2   | Noticed an eight-headed hydra
  8477 | Lair:2   | 8477 ||| INVOKING Heroism.
  8480 | Lair:2   | 8480 ||| SWAPPING to +0 flail.
  8489 | Lair:2   | Reached skill level 9 in Armour
  8491 | Lair:2   | HP: 12/71 [eight-headed hydra (10)]
  8492 | Lair:2   | 8492 ||| READING 4 scrolls of teleportation.
  8492 | Lair:2   | HP: 3/71 [cane toad (4)]
  8493 | Lair:2   | 8493 ||| DRINKING potion of heal wounds.
  8494 | Lair:2   | 8494 ||| INVOKING Heroism.
  8495 | Lair:2   | Slain by an eight-headed hydra

Levels and vault maps discovered:
D:1:      saegor_arrival_under_anarchy, layout_basic, serial_shops, shop
D:2:      layout_basic, minmay_misc_feat_plants, serial_park_tiny_pond,
          wad_floor_pattern_untrapped, minmay_tetromino_s4
D:3:      layout_loops_ring, nemelex_diamond_rough_becter, uniq_jessica
D:4:      layout_basic, dancing_weapons_uskayaw, nicolae_overflow_two_pavilions,
          gammafunk_ghost_arena, serial_shops, shop, uniq_duvessa
D:5:      layout_basic
D:6:      layout_basic
D:7:      layout_loops_ring, minmay_temple_entry_wispy, serial_shops,
          shop_statue, lemuel_flamethrower_2
D:8:      layout_basic, dpeg_lair_monsters, serial_corexii_hall,
          corexii_hall_statues_l, chequers_hall_statues_corner_a,
          ebering_ghost_disaster_area
Temple:   jpeg_temple_clearing
Lair:1:   layout_regular_city, chequers_serial_rivers_room_a
Lair:2:   layout_gridlike, serial_bayou, serial_bayou_ford_a,
          serial_bayou_pond_b, serial_bayou_pond_d, serial_bayou_pond_b,
          serial_bayou_pond_d, nicolae_volcano_entry_s_turn,
          portal_ice_cave_entry_pillars_1

Skill      XL: |  1  2  3  4  5  6  7  8  9 10 11 |
---------------+----------------------------------+-----
Axes           | 2 3 4 5 6 7 8 9 11 12 | 12.1
Fighting       | 4 5 6 7 8 9 |  9.0
Dodging        | 1 |  1.3
Armour         | 4 5 7 9 |  9.0
Throwing       | 1 |  1.2
Shields        | 6 |  6.2
Invocations    | 4 |  4.1

Action                     |  1- 3 |  4- 6 |  7- 9 | 10-12 || total
---------------------------+-------+-------+-------+-------++-------
  Melee: War axe           |   119 |    83 |   247 |   176 ||   625
         Flail             |       |       |       |    12 ||    12
  Throw: Boomerang         |       |       |    16 |    38 ||    54
 Invoke: Heroism           |       |       |     2 |    11 ||    13
    Use: Scroll            |     3 |     3 |     7 |     8 ||    21
         Potion            |     2 |     2 |     5 |     3 ||    12
 Armour: Scale mail        |    59 |    30 |    38 |       ||   127
         Skin              |       |       |     3 |       ||     3
         Chain mail        |       |       |    60 |    24 ||    84
         Plate armour      |       |       |       |   109 ||   109
  Dodge: Dodged            |    72 |    60 |   136 |   136 ||   404
  Block: Buckler           |    19 |    10 |    45 |    62 ||   136

Table legend:
 A = Non-vault XP
 B = Vault XP
 C = Vault XP percentage of total XP
 D = Non-vault monster count
 E = Vault monster count
 F = Vault count percentage of total count
                 A         B        C        D         E       F
            +---------+---------+-------+---------+---------+-------
      Total |   12020 |    3452 |  22.3 |     164 |      11 |   6.3
            +---------+---------+-------+---------+---------+-------
        D:1 |      35 |       0 |   0.0 |      17 |       0 |   0.0
        D:2 |      15 |       2 |  11.8 |      10 |       1 |   9.1
        D:3 |      32 |      37 |  53.6 |      11 |       1 |   8.3
        D:4 |     647 |     219 |  25.3 |      25 |       2 |   7.4
        D:5 |     395 |       0 |   0.0 |      20 |       0 |   0.0
        D:6 |     559 |       0 |   0.0 |      10 |       0 |   0.0
        D:7 |     587 |       0 |   0.0 |      22 |       0 |   0.0
        D:8 |    1901 |    2830 |  59.8 |      19 |       5 |  20.8
     Lair:1 |    5058 |       0 |   0.0 |      22 |       0 |   0.0
     Lair:2 |    2791 |     364 |  11.5 |       8 |       2 |  20.0
            +---------+---------+-------+---------+---------+-------
